 Dungeon Crawl Stone Soup version 0.29.1-1-gd02db6906a (webtiles) character file.

Game seed: 13715433454755779154

183533 safid the Merry Minotaur (level 17, -3/166 HPs)
             Began as a Minotaur Hunter on Oct 20, 2022.
             Was the Champion of Okawaru.
             Slain by a water elemental (12 damage)
             ... summoned by Ilsuiw
             ... on level 2 of the Shoals.
             The game lasted 01:11:23 (26157 turns).

safid the Merry Minotaur (Minotaur Hunter)         Turns: 26157, Time: 01:11:23

Health: -3/166     AC: 16    Str: 16    XL:     17   Next: 37%
Magic:  22/22      EV: 13    Int:  6    God:    Okawaru [******]
Gold:   1555       SH:  0    Dex: 25    Spells: 16/16 levels left

rFire   . . .      SeeInvis +   m - +11 triple crossbow of Bloody Death {penet, Dex+3 SInv}
rCold   . . .      Faith    .   (shield currently unavailable)
rNeg    . . .      Spirit   .   P - +3 troll leather armour
rPois   +          Reflect  .   e - +0 hat
rElec   .          Harm     .   a - +0 cloak
rCorr   .          Rampage  .   T - +2 pair of gloves
Will    ++...                   n - +2 pair of boots
Stlth   ++........              F - amulet of regeneration
HPRegen 1.97/turn               q - ring of willpower
MPRegen 0.18/turn               s - ring of poison resistance

@: engulfed (cannot breathe), mesmerised, studying Ice Magic
A: horns 2, retaliatory headbutt
}: 1/15 runes: gossamer
a: Renounce Religion, Heroism, Finesse, Duel


You were on level 2 of the Shoals.
You worshipped Okawaru.
Okawaru was exalted by your worship.
You visited 6 branches of the dungeon, and saw 29 of its levels.
You visited 1 bazaar.
You also visited: Sewer and Ice Cave.

You collected 2918 gold pieces.
You spent 1363 gold pieces at shops.

Inventory:

Hand Weapons
 m - the +11 triple crossbow of Bloody Death (weapon) {penet, Dex+3 SInv}
   (You acquired it on level 2 of the Orcish Mines)

   Any ammunition fired by it passes through the targets it hits, potentially
   hitting all targets in its path until it reaches maximum range.
   Dex:       It affects your dexterity (+3).
   SInv:      It lets you see invisible.
 D - the +6 arbalest "Adeivawk" {speed, rF+ Str+4}
   (Okawaru gifted it to you on level 15 of the Dungeon)

   Attacks with this weapon are significantly faster.
   Str:       It affects your strength (+4).
   rF:        It protects you from fire.
Missiles
 j - 8 curare-tipped darts
 o - 5 throwing nets
 t - 11 javelins
 B - 5 silver javelins
Armour
 a - a +0 cloak (worn)
 e - a +0 hat (worn)
 n - a +2 pair of boots (worn)
 J - the -2 pair of gloves of Toalyun {Regen+ Str+4}
   (You found it on level 8 of the Dungeon)

   Str:       It affects your strength (+4).
   Regen:     It increases your rate of health regeneration.
 P - a +3 troll leather armour (worn)
 T - a +2 pair of gloves (worn)
Jewellery
 p - a ring of protection from cold
 q - a ring of willpower (left hand)
 s - a ring of poison resistance (right hand)
 v - a ring of resist corrosion
 F - an amulet of regeneration (around neck)
Wands
 c - a wand of mindburst (29)
 f - a wand of polymorph (10)
 E - a wand of flame (45)
 K - a wand of iceblast (13)
 N - a wand of light (16)
 S - a wand of digging (11)
Scrolls
 i - 3 scrolls of identify
 l - a scroll of blinking
 r - 15 scrolls of teleportation
 w - 3 scrolls of fear
 y - 3 scrolls of fog
 z - 2 scrolls of silence
 A - a scroll of amnesia
 H - a scroll of poison
 L - a scroll of enchant weapon
 M - 6 scrolls of magic mapping
 U - a scroll of brand weapon
Potions
 b - 7 potions of flight
 d - 7 potions of invisibility
 g - 8 potions of haste
 k - 10 potions of mutation
 u - a potion of brilliance
 x - 2 potions of might
 C - 2 potions of curing
 G - 3 potions of cancellation
 I - a potion of magic
 O - 8 potions of lignification
 Q - 2 potions of resistance
 V - 5 potions of ambrosia
Miscellaneous
 h - a lightning rod (4/4)


   Skills:
 + Level 18.8 Fighting
 O Level 27 Ranged Weapons
 - Level 8.0 Armour
 - Level 2.1 Dodging
 - Level 0.7 Stealth
 - Level 9.0 Invocations


You had 16 spell levels left.
You didn't know any spells.
Your spell library contained the following spells:

 Spells                   Type           Power      Damage    Failure   Level
 Magic Dart               Conj           0%         1d3       52%         1
 Necrotise                Necr           0%         1d4       52%         1
 Ensorcelled Hibernation  Hex/Ice        0%         N/A       65%         2
 Searing Ray              Conj           0%         2d4       65%         2
 Static Discharge         Conj/Air       0%         3-3/arc   65%         2
 Sublimation of Blood     Necr           0%         N/A       65%         2
 Wereblood                Tmut           0%         N/A       65%         2
 Dazzling Flash           Conj/Hex       0%         N/A       87%         3
 Frozen Ramparts          Ice            0%         1d1       87%         3
 Gell's Gravitas          Tloc           0%         N/A       87%         3
 Ignite Poison            Fire/Tmut/Pois 0%         N/A       87%         3
 Inner Flame              Hex/Fire       0%         N/A       87%         3
 Mephitic Cloud           Conj/Pois/Air  0%         N/A       87%         3
 Ozocubu's Armour         Ice            0%         N/A       87%         3
 Spider Form              Tmut/Pois      0%         N/A       87%         3
 Teleport Other           Tloc           0%         N/A       87%         3
 Vampiric Draining        Necr           0%         2d6       87%         3
 Anguish                  Hex/Necr       0%         N/A       99%         4
 Cause Fear               Hex            0%         N/A       99%         4
 Fulminant Prism          Conj/Hex       0%         3d6       99%         4
 Ice Form                 Ice/Tmut       0%         N/A       99%         4
 Iskenderun's Mystic Bla  Conj/Tloc      0%         2d3       99%         4
 Petrify                  Tmut/Erth      0%         N/A       99%         4
 Agony                    Necr           0%         N/A       100%        5
 Blade Hands              Tmut           0%         N/A       100%        5
 Freezing Cloud           Conj/Ice/Air   0%         6-21      100%        5
 Irradiate                Conj/Tmut      0%         3d11      100%        5
 Lightning Bolt           Conj/Air       0%         1d11      100%        5
 Metabolic Englaciation   Hex/Ice        0%         N/A       100%        5
 Dispersal                Tloc           0%         N/A       100%        6
 Iron Shot                Conj/Erth      0%         9d1       100%        6
 Starburst                Conj/Fire      0%         6d3       100%        6
 Discord                  Hex            0%         N/A       100%        8
 Maxwell's Capacitive Co  Air            0%         ∞         100%        8
 Polar Vortex             Ice            0%         N/A       100%        9
 Call Imp                 Summ           Unusable   N/A       N/A         2
 Animate Armour           Summ/Erth      Unusable   N/A       N/A         4
 Summon Ice Beast         Ice/Summ       Unusable   N/A       N/A         4
 Simulacrum               Ice/Necr       Unusable   N/A       N/A         6
 Summon Hydra             Summ           Unusable   N/A       N/A         7

Dungeon Overview and Level Annotations

Branches:
Dungeon (15/15)            Temple (1/1) D:4            Lair (5/5) D:10
 Shoals (2/4) Lair:2       Spider (4/4) Lair:2        Slime (0/5) Lair:4
    Orc (2/2) D:12            Elf (0/3) Orc:2        Vaults (0/5) D:13
 Depths (0/4) D:15          Sewer (visited)           IceCv (visited)

Altars:
Ashenzari
Cheibriados
Dithmenos
Elyvilon
Fedhas
Gozag
Hepliaklqana
Kikubaaqudgha
Makhleb
Nemelex Xobeh
Okawaru
Qazlal
Ru
Sif Muna
Trog
Uskayaw
Vehumet
Wu Jian
Xom
Yredelemnul
Zin
The Shining One
Jiyva

Shops:
D:4 *   D:5 (   D:10 (   Orc:2 =([*

Annotations:
Shoals:2 Ilsuiw


Innate Abilities, Weirdness & Mutations

You have a pair of horns on your head.
You reflexively headbutt those who attack you in melee.


Message History

The merfolk siren misses you. The merfolk misses you. The sea snake misses you.
The water elemental barely misses you. x2; You furiously retaliate!
You headbutt the water elemental, but do no damage.
The merfolk siren hits you from afar with a +0 trident!
* * * LOW HITPOINT WARNING * * *
The faun hits you with a +0 quarterstaff!
* * * LOW HITPOINT WARNING * * *
Ilsuiw gestures wildly while chanting.
Ilsuiw blinks!
The water elemental hits you!
* * * LOW HITPOINT WARNING * * *
Unknown command.
You feel much better.
* * * LOW HITPOINT WARNING * * *
Your lungs strain for air!
You feel sick.
The merfolk hits you from afar with a +0 trident.
* * * LOW HITPOINT WARNING * * *
The merfolk javelineer hits you from afar with a +1 spear of venom.
* * * LOW HITPOINT WARNING * * *
The merfolk siren misses you. The sea snake bites you.
* * * LOW HITPOINT WARNING * * *
The water elemental hits you!
* * * LOW HITPOINT WARNING * * *
The water elemental hits you.
The merfolk siren chants its luring song.
The water elemental hits you. The faun misses you. You furiously retaliate!
You headbutt the faun.
You cannot read scrolls while unable to breathe!
You feel better.
* * * LOW HITPOINT WARNING * * *
Your lungs strain for air!
The sea snake closely misses you. You furiously retaliate!
You headbutt the sea snake!
The merfolk javelineer hits you but does no damage.
The merfolk siren hits you but does no damage.
The merfolk hits you from afar with a +0 trident.
* * * LOW HITPOINT WARNING * * *
The water elemental barely misses you. You furiously retaliate!
You headbutt the water elemental. The water elemental hits you!
You die...

~~....~~~.
~~~~~~~~.
~~~~~~~~.
~~§~~~~.. ~
≈≈≈~~~~)# .~~
≈≈≈≈~~~.###..~~
≈≈≈~~~~Scm..~~~
m≈≈≈~~~@Em~~~~~
~≈≈≈≈~EE~)<^~~~
~≈≈≈≈m~~(m~~~~~
~~≈≈≈≈~~~~~~~~~
~~~~~~~~~~~~~..
~~~~~~~~~~~~~.~
~~~~~~~~~~~~~~~
~~~~~~~~~~~....


You could see Ilsuiw, a merfolk javelineer, a sea snake, a merfolk, a faun, 3
water elementals and 2 merfolk sirens.

Vanquished Creatures
  Arachne (Spider:3)
  Rupert (D:12)
  Kirke (D:14)
  Agnes (Spider:4)
  An orc warlord (Orc:2)
  2 emperor scorpions (Spider:4)
  4 ghost moths
  7 broodmothers
  Nessos (Orc:2)
  3 spark wasps
  5 entropy weavers
  Azrael (D:12)
  A merfolk javelineer (Shoals:2)
  A boulder beetle (Spider:2)
  A fire dragon (Lair:5)
  2 rakshasas (D:15)
  2 merfolk impalers (Shoals:1)
  5 hydras
  5 vault guards (D:13)
  An ogre mage (D:15)
  A catoblepas (Lair:4)
  2 jorogumos
  6 centaur warriors
  Erica (Orc:1)
  5 two-headed ogres
  2 radroaches
  A death knight (D:15)
  A tengu warrior (D:15)
  4 death yaks (Lair:5)
  3 pharaoh ants
  A sun moth (Spider:1)
  3 sea snakes (Shoals:1)
  A bog body (IceCv)
  An obsidian statue (Shoals:1)
  16 orb spiders
  A glowing orange brain (D:15)
  4 steelbarb worms
  A lindwurm (Lair:5)
  A wizard (D:13)
  4 deep elf pyromancers
  A phantasmal warrior (D:15)
  8 ugly things
  6 orc knights
  7 orc sorcerers
  A necromancer (IceCv)
  A manticore (shapeshifter) (D:15)
  19 wolf spiders
  3 manticores
  5 fauns
  12 cyclopes
  A salamander (shapeshifter) (D:14)
  2 merfolk sirens
  2 moths of wrath (Spider:2)
  2 ice statues (IceCv)
  Maurice (Orc:2)
  6 black mambas
  An eye of devastation (Lair:4)
  3 molten gargoyles (Lair:5)
  A guardian serpent (shapeshifter) (D:13)
  5 torpor snails
  A gargoyle (D:12)
  2 freezing wraiths (D:15)
  11 cane toads
  2 yaktaurs
  3 unseen horrors
  3 demonic crawlers
  3 anaconda simulacra (IceCv)
  An efreet (D:14)
  12 komodo dragons
  7 rime drakes
  5 ice devils (IceCv)
  2 tengu conjurers (D:13)
  A wind drake (Shoals:1)
  10 merfolk (Shoals:1)
  4 polar bears
  8 meliai
  6 trolls
  Grinder (D:4)
  20 tarantellas
  8 blink frogs
  4 dream sheep (Lair:5)
  A snapping turtle (Shoals:1)
  6 slime creatures
  43 jumping spiders
  A culicivora (shapeshifter) (D:12)
  3 vampires
  A shadow (D:13)
  13 culicivoras
  3 wyverns
  A dire elephant simulacrum (IceCv)
  43 yaks
  3 wraiths
  A water elemental (Shoals:1)
  3 fire elementals (D:12)
  7 hogs (D:14)
  11 basilisks
  A human (shapeshifter) (D:14)
  A steam dragon (Lair:5)
  56 redbacks
  A harpy simulacrum (IceCv)
  8 vampire mosquitoes
  3 wargs
  8 hell hounds
  5 hydra simulacra (IceCv)
  3 acid dragons
  3 floating eyes
  8 water moccasins
  39 orc warriors
  3 sky beasts
  17 ogres
  25 wolves
  17 centaurs
  4 phantoms
  5 kobold brigands
  9 bullfrogs
  A gnoll sergeant (D:7)
  2 necrophages
  A cane toad simulacrum (IceCv)
  4 scorpions
  4 wights (D:9)
  2 elephant simulacra (IceCv)
  12 killer bees
  4 electric eels
  8 howler monkeys
  A crimson imp (D:5)
  5 lava snakes (Lair:5)
  2 jellies
  32 orc priests
  3 iguanas
  16 orc wizards
  A wolf simulacrum (IceCv)
  A troll simulacrum (IceCv)
  10 gnolls
  13 adders
  6 river rats
  A shadow imp (D:6)
  2 white imps
  An ufetubus (IceCv)
  7 worms
  3 dart slugs
  84 orcs
  10 bats
  4 endoplasms
  10 goblins
  7 hobgoblins
  6 jackals
  46 kobolds
  3 quokkas
  17 ball pythons
  5 frilled lizards
  26 rats
1022 creatures vanquished.

Vanquished Creatures (others)
  An orb spider (Spider:2)
  3 bushes (Lair:5)
  33 fungi
  26 plants
63 creatures vanquished.

Grand Total: 1085 creatures vanquished

Notes
Turn   | Place    | Note
-------+----------+-------------------------------------------
     0 | D:1      | safid the Minotaur Hunter began the quest for the Orb.
     0 | D:1      | Reached XP level 1. HP: 18/18 MP: 0/0
   120 | D:1      | Reached XP level 2. HP: 25/25 MP: 1/1
   236 | D:1      | Reached skill level 5 in Ranged Weapons
   447 | D:2      | Reached XP level 3. HP: 31/31 MP: 2/2
  1142 | D:2      | Reached XP level 4. HP: 38/38 MP: 3/3
  1144 | D:2      | Reached skill level 6 in Ranged Weapons
  2027 | D:3      | Found a faded altar of an unknown god.
  2675 | D:4      | Noticed a scorpion
  2678 | D:4      | Killed a scorpion
  2679 | D:4      | Reached skill level 7 in Ranged Weapons
  2679 | D:4      | Reached XP level 5. HP: 40/45 MP: 4/4
  2712 | D:4      | Found Aromo's General Store.
  2736 | D:4      | Found a staircase to the Ecumenical Temple.
  2752 | Temple   | Entered the Ecumenical Temple
  2953 | Temple   | Became a worshipper of Warmaster Okawaru
  3250 | D:4      | Reached skill level 8 in Ranged Weapons
  3250 | D:4      | Reached XP level 6. HP: 37/51 MP: 5/5
  3760 | D:4      | Found a glowing silver altar of Zin.
  3800 | D:4      | Found a white marble altar of Elyvilon.
  3800 | D:4      | Found a glowing golden altar of the Shining One.
  3929 | D:4      | Noticed Grinder
  3944 | D:4      | Killed Grinder
  3944 | D:4      | Reached * piety under Okawaru
  3945 | D:4      | Reached skill level 9 in Ranged Weapons
  3945 | D:4      | Reached XP level 7. HP: 36/57 MP: 6/6
  4131 | D:5      | Entered Level 5 of the Dungeon
  4331 | D:5      | Reached skill level 10 in Ranged Weapons
  4910 | D:5      | Found Lotteefa's Hydra Hut.
  4914 | D:5      | Noticed a six-headed hydra
  4918 | D:5      | Bought a +1 hand crossbow of freezing for 146 gold pieces
  5133 | D:5      | Reached XP level 8. HP: 63/63 MP: 7/7
  5244 | D:5      | Reached skill level 11 in Ranged Weapons
  5248 | D:5      | You fall into a shaft and drop 1 floor!
  5299 | D:6      | Found a blossoming altar of Fedhas.
  5299 | D:6      | Found a stormy altar of Qazlal.
  5304 | D:6      | Found a faded altar of an unknown god.
  5306 | D:6      | Found a shadowy altar of Dithmenos.
  5411 | D:6      | Found a glowing drain.
  5416 | Sewer    | Entered a sewer
  6310 | D:6      | Reached skill level 12 in Ranged Weapons
  6473 | D:6      | Reached ** piety under Okawaru
  7139 | D:6      | Reached skill level 13 in Ranged Weapons
  7286 | D:5      | Found a burning altar of Makhleb.
  7431 | D:6      | Found a faded altar of an unknown god.
  7740 | D:7      | Reached XP level 9. HP: 69/69 MP: 8/8
  7901 | D:7      | Reached skill level 14 in Ranged Weapons
  8262 | D:7      | Reached *** piety under Okawaru
  9225 | D:8      | Reached skill level 15 in Ranged Weapons
  9922 | D:8      | Identified the -2 pair of gloves of Toalyun {Regen+ Str+4}
 10361 | D:9      | Noticed a two-headed ogre
 10366 | D:9      | Reached **** piety under Okawaru
 10367 | D:9      | Reached XP level 10. HP: 77/77 MP: 9/9
 10385 | D:9      | Reached skill level 16 in Ranged Weapons
 10405 | D:9      | Reached skill level 1 in Invocations
 10409 | D:9      | Killed a two-headed ogre
 10653 | D:9      | Reached skill level 5 in Fighting
 10681 | D:9      | Noticed a two-headed ogre
 10685 | D:9      | Killed a two-headed ogre
 10706 | D:9      | Reached ***** piety under Okawaru
 11018 | D:10     | Entered Level 10 of the Dungeon
 11027 | D:10     | Found a staircase to the Lair.
 11136 | D:10     | Found Quapa's Weapon Shoppe.
 11150 | D:10     | Reached skill level 5 in Invocations
 11155 | D:10     | Bought 4 curare-tipped darts for 31 gold pieces
 11320 | D:10     | Reached XP level 11. HP: 94/94 MP: 14/14
 11377 | D:10     | Identified the +4 falchion "Newt's Nightmare" {drain, rElec
                  | rN+ Will-} (Okawaru gifted it to you on level 10 of the
                  | Dungeon)
 11377 | D:10     | Received a gift from Okawaru
 11659 | Lair:1   | Entered Level 1 of the Lair of Beasts
 11945 | Lair:1   | Reached skill level 10 in Fighting
 12045 | Lair:1   | Noticed a seven-headed hydra
 12053 | Lair:1   | Killed a seven-headed hydra
 12053 | Lair:1   | Reached ****** piety under Okawaru
 12070 | Lair:1   | Identified the +0 kite shield of Autumn {rC+ Int+3}
                  | (Okawaru gifted it to you on level 1 of the Lair of Beasts)
 12070 | Lair:1   | Received a gift from Okawaru
 12654 | Lair:2   | Noticed a six-headed hydra
 12739 | Lair:2   | Killed a six-headed hydra
 12740 | Lair:2   | Reached skill level 1 in Armour
 12838 | Lair:2   | Reached XP level 12. HP: 112/112 MP: 17/17
 12860 | Lair:2   | Found a hole to the Spider Nest.
 13011 | Lair:2   | Found a staircase to the Shoals.
 13101 | Lair:2   | Identified the +1 helmet "Itos" {Harm Str+4}
 14253 | Lair:4   | Reached skill level 17 in Ranged Weapons
 14373 | Lair:4   | Found a staircase to the Slime Pits.
 14374 | Lair:4   | Found a viscous altar of Jiyva.
 14536 | Lair:4   | Noticed a catoblepas
 14546 | Lair:4   | Killed a catoblepas
 14546 | Lair:4   | Received a gift from Okawaru
 15008 | Lair:5   | Entered Level 5 of the Lair of Beasts
 15008 | Lair:5   | Noticed a six-headed hydra
 15016 | Lair:5   | Killed a six-headed hydra
 15116 | Lair:5   | Noticed a death yak
 15118 | Lair:5   | Noticed a death yak
 15118 | Lair:5   | Noticed a death yak
 15120 | Lair:5   | Noticed a death yak
 15216 | Lair:5   | Noticed a five-headed hydra
 15220 | Lair:5   | Received a gift from Okawaru
 15225 | Lair:5   | Killed a five-headed hydra
 15226 | Lair:5   | Reached skill level 18 in Ranged Weapons
 15226 | Lair:5   | Reached XP level 13. HP: 124/124 MP: 12/18
 15549 | Lair:5   | Received a gift from Okawaru
 15557 | Lair:5   | Reached skill level 15 in Fighting
 15694 | Lair:5   | Found a large runed translucent door.
 15695 | Lair:5   | Found a large runed translucent door.
 15702 | Lair:5   | Noticed a fire dragon
 15782 | Lair:5   | HP: 6/127 [death yak (19)]
 16017 | Lair:5   | Received a gift from Okawaru
 16110 | Lair:5   | Found a shimmering blue altar of Sif Muna.
 16113 | Lair:5   | Reached skill level 19 in Ranged Weapons
 16284 | Lair:5   | Found the +5 lochaber axe {reach-cleave, poleaxe}
 16312 | Lair:5   | Killed a fire dragon
 17227 | D:12     | Found a staircase to the Orcish Mines.
 17265 | Orc:1    | Entered Level 1 of the Orcish Mines
 17331 | Orc:1    | Noticed Erica
 17340 | Orc:1    | Killed Erica
 17357 | Orc:1    | Found a frozen archway.
 17368 | IceCv    | Entered an ice cave
 17641 | IceCv    | Reached XP level 14. HP: 137/137 MP: 19/19
 17674 | IceCv    | Reached skill level 20 in Ranged Weapons
 17815 | IceCv    | Found the +4 skin of Zhor {*Englaciate rC+++ SInv}
 18197 | Orc:2    | Entered Level 2 of the Orcish Mines
 18197 | Orc:2    | Found a staircase to the Elven Halls.
 18263 | Orc:2    | Found Oluiwn's General Store.
 18282 | Orc:2    | Received a gift from Okawaru
 18285 | Orc:2    | Found Onass's Antique Armour Emporium.
 18305 | Orc:2    | Noticed Maurice
 18311 | Orc:2    | Killed Maurice
 18324 | Orc:2    | Found Eleaty's Antique Weapon Emporium.
 18339 | Orc:2    | Found a flickering gateway to a bazaar.
 18349 | Bazaar   | Entered a bazaar
 18365 | Bazaar   | Found Heacaewi's Weapon Shoppe.
 18366 | Bazaar   | Found Buhyock's Assorted Antiques.
 18409 | Bazaar   | Found Baul's Antique Weapon Emporium.
 18409 | Bazaar   | Found Merch's Distillery.
 18431 | Bazaar   | Bought a potion of resistance for 100 gold pieces
 18431 | Bazaar   | Bought 2 potions of haste for 200 gold pieces
 18431 | Bazaar   | Bought a potion of flight for 30 gold pieces
 18431 | Bazaar   | Bought a potion of degeneration for 10 gold pieces
 18431 | Bazaar   | Bought a potion of heal wounds for 50 gold pieces
 18431 | Bazaar   | Bought a potion of lignification for 30 gold pieces
 18451 | Bazaar   | Bought a potion of haste for 150 gold pieces
 18480 | Orc:2    | Noticed an orc warlord
 18503 | Orc:2    | Killed an orc warlord
 18504 | Orc:2    | Reached skill level 21 in Ranged Weapons
 18536 | Orc:2    | Found Riavuvoi's Jewellery Shoppe.
 18572 | Orc:2    | Noticed Nessos
 18582 | Orc:2    | Killed Nessos
 18735 | Orc:2    | Bought a scroll of fear for 44 gold pieces
 18735 | Orc:2    | Bought a scroll of acquirement for 572 gold pieces
 18938 | Orc:2    | Acquired the +11 triple crossbow of Bloody Death {penet,
                  | Dex+3 SInv}
 19419 | D:12     | Noticed Azrael
 19425 | D:12     | Killed Azrael
 19541 | D:12     | Noticed Rupert
 19542 | D:12     | Paralysed by Rupert for 2 turns
 19548 | D:12     | Killed Rupert
 19549 | D:12     | Reached skill level 22 in Ranged Weapons
 20040 | D:13     | Received a gift from Okawaru
 20205 | D:13     | Reached XP level 15. HP: 144/144 MP: 20/20
 20211 | D:13     | Reached skill level 23 in Ranged Weapons
 20242 | D:13     | Found a gate to the Vaults.
 20619 | D:14     | Noticed Kirke
 20722 | D:14     | Killed Kirke
 21135 | D:14     | Found a hazy altar of Hepliaklqana.
 21169 | D:15     | Entered Level 15 of the Dungeon
 21175 | D:15     | Identified the +6 arbalest "Adeivawk" {speed, rF+ Str+4}
                  | (Okawaru gifted it to you on level 15 of the Dungeon)
 21175 | D:15     | Received a gift from Okawaru
 21367 | D:15     | Reached skill level 24 in Ranged Weapons
 21864 | D:15     | Found a staircase to the Depths.
 22107 | Spider:1 | Entered Level 1 of the Spider Nest
 22108 | Spider:1 | Received a gift from Okawaru
 22239 | Spider:1 | Reached skill level 25 in Ranged Weapons
 22727 | Spider:1 | Reached XP level 16. HP: 151/151 MP: 21/21
 23080 | Spider:2 | Reached skill level 26 in Ranged Weapons
 23299 | Spider:2 | Identified the +0 helmet of Panentheism {Will+ MP+9 Dex+3}
 23313 | Spider:2 | Reached skill level 5 in Armour
 23483 | Spider:2 | Identified the +1 scale mail "Evitwyng" {rN+ Will- Dex+8}
                  | (Okawaru gifted it to you on level 2 of the Spider Nest)
 23483 | Spider:2 | Received a gift from Okawaru
 23786 | Spider:3 | Noticed Arachne
 23812 | Spider:3 | Killed Arachne
 24211 | Spider:3 | Identified the +3 scale mail of Inquiry {rPois rN+ Str+3}
 24365 | Spider:4 | Entered Level 4 of the Spider Nest
 24908 | Spider:4 | Received a gift from Okawaru
 24948 | Spider:4 | Reached XP level 17. HP: 125/155 MP: 16/22
 25113 | Spider:4 | Noticed Agnes
 25123 | Spider:4 | Killed Agnes
 25198 | Spider:4 | Got a gossamer rune of Zot
 25528 | Shoals:1 | Entered Level 1 of the Shoals
 25589 | Shoals:1 | Reached skill level 27 in Ranged Weapons
 25748 | Shoals:1 | Received a gift from Okawaru
 26021 | Shoals:1 | Noticed a kraken
 26143 | Shoals:2 | Noticed Ilsuiw
 26156 | Shoals:2 | HP: 8/166 [water elemental[Ilsuiw] (13)]
 26157 | Shoals:2 | Slain by a water elemental

Illustrated notes

Levels and vault maps discovered:
D:1:      dpeg_arrival_orchard, layout_rooms, minmay_cut_off
D:2:      layout_basic
D:3:      layout_loops_ring, basic_ecumenical_altar
D:4:      layout_loops_corners, dreamdust_divine_triumvirate,
          minmay_temple_entry_trees, serial_shops, shop, eino_tiny_chamber,
          chequers_jeans, uniq_grinder
D:5:      layout_loops_ring, makhleb_grotto_becter, doesnt_shop_hydraphobe
D:6:      cheibrodos_thug_alley, layout_loops_ring,
          chequers_temple_overflow_minitemple, lightli_sewer_entry_pipes
D:7:      layout_loops_cross, minmay_misc_feat_tiny
D:8:      layout_layer_cave, minmay_misc_feat_iff
D:9:      layout_long_grid
D:10:     layout_basic, lair_entry_dummy, serial_shops, nicolae_shop_statue_plus
D:11:     layout_rooms
D:12:     layout_basic, hiddenorc2_lemuel, uniq_azrael, uniq_rupert
D:13:     layout_basic, grunt_vaults_entry_fortified, special_room
          [special_room_orc], grunt_ogre_cave, onia_ninara_cookie
D:14:     layout_cave_pools, nicolae_hepliaklqana_hippocampus, uniq_kirke
D:15:     gammafunk_enter_depths_forms, layout_gridville,
          grunt_decor_resistance, chequers_garden, chequers_mini_garden
Temple:   nicolae_temple_bog_church
Lair:1:   layout_cave_pods, grunt_megastairs_5, lemuel_fruit_fields
Lair:2:   layout_loops_ring, minmay_shoals_entry_lonely_mermaid,
          spider_nest_entry_web_field, minivault_11
Lair:3:   layout_loops_ring
Lair:4:   layout_cave_pods, minmay_slime_entry_eyes
Lair:5:   cheibrodos_lair_end_hotspot, layout_concentric_octagons,
          lemuel_centaur_altar
Shoals:1: layout_shoals, dpeg_stationary_puzzle
Shoals:2: layout_shoals, uniq_ilsuiw
Spider:1: layout_cave_pods
Spider:2: nicolae_spider_jumping_over_cracks [nicolae_spider_jumping_sub_notch,
          nicolae_spider_jumping_sub_offset, nicolae_spider_jumping_sub_pools,
          nicolae_spider_jumping_sub_notch], nicolae_spider_moth_buddies,
          hangedman_spider_tarantella_strand
Spider:3: layout_spider_delve, uniq_arachne
Spider:4: hellmonk_spider_rune_endless_swarm, uniq_agnes
Orc:1:    layout_caves, portal_ice_cave_rime, uniq_erica
Orc:2:    grunt_orc_gardens, layout_diamond_mine, grunt_orc_garden,
          grunt_orc_garden, grunt_orc_garden, grunt_orc_garden, serial_shops,
          bzr_entry_water, uniq_nessos, uniq_maurice

Skill      XL: |  1  2  3  4  5  6  7  8  9 10 11 12 13 14 15 16 17 |
---------------+----------------------------------------------------+-----
Fighting       | 3 8 12 14 16 17 18 | 18.8
Ranged Weapons | 5 7 8 9 10 13 15 16 18 19 22 25 26 27 | 27.0
Invocations    | 6 9 |  9.0
Armour         | 1 4 8 |  8.0
Dodging        | |  2.1
Stealth        | |  0.7

Action                   |  1- 3 |  4- 6 |  7- 9 | 10-12 | 13-15 | 16-18 || total
-------------------------+-------+-------+-------+-------+-------+-------++-------
Melee: Shortbow          |       |     1 |       |       |       |       ||     1
 Fire: Shortbow          |    84 |   192 |    56 |       |       |       ||   332
       Hand crossbow     |       |       |   339 |   503 |   607 |       ||  1449
       Triple crossbow   |       |       |       |       |   429 |   521 ||   950
Invok: Heroism           |       |       |     1 |       |     3 |     1 ||     5
       Finesse           |       |       |       |     2 |    16 |     5 ||    23
  Use: Potion            |       |     1 |       |     5 |     4 |    13 ||    23
       Scroll            |       |       |     7 |    13 |    16 |     3 ||    39
Armor: Leather armour    |     6 |    16 |       |       |       |       ||    22
       Ring mail         |       |     2 |    69 |     2 |       |       ||    73
       Troll leather arm |       |       |       |    48 |    92 |   135 ||   275
Dodge: Dodged            |    21 |    66 |    91 |   203 |   217 |   172 ||   770
